cohdb
Replays
Latest Replays
All Replays
Popular Replays
Top Player Replays
Match Explorer
How It Works
Community
CoH3 Stats
Reddit
Sign in to upload your games and track your stats! →
Sign in with Steam
Match 40926589
Unlisted
Match 40926589
Overview
Messages
Build Orders
End
Construct Barracks
Selects Armored Battlegroup
Engineer Squad
1⁄4-ton 4x4 Truck
Selects Veteran Crews
Riflemen Squad
M1 Mortar Team
.30 cal Machine Gun
Mechanized Support Center
Riflemen Squad
Engineer Squad
Construct Tank Depot
.30 cal Machine Gun
Riflemen Squad
Selects Fast Deploy
Selects M8 Scott SPG
M8 Scott SPG
Riflemen Squad
Riflemen Squad
1⁄4-ton 4x4 Truck
Designate Forward Repair Station
M18 Hellcat Tank Destroyer
Selects M31 Recovery Vehicle
1⁄4-ton 4x4 Truck
Mortar Pit
Selects War Machine
Scout Squad
Selects War Machine
Selects UNKNOWN (2160077)
M4A3E8 Sherman Easy Eight
Engineer Squad
M4A3E8 Sherman Easy Eight
.30 cal Machine Gun
M1918 Browning Automatic Rifles
Rapid Repairs
Engineer Squad
M4A3E8 Sherman Easy Eight
Riflemen Squad
Riflemen Squad
Riflemen Squad
.30 cal Machine Gun
Mortar Pit
M4A3E8 Sherman Easy Eight
Grenade Package
M18 Hellcat Tank Destroyer
Riflemen Squad
Scout Squad
Sulla
mustapha_raja123
[GG]Quiq
This game made me racer. F CH*NA
Humphrey.SE
frozensolider
JaegerMeisteR
Smash
0
0
Comments
sign in to comment!
No comments posted yet!